 Dungeon Crawl Stone Soup version 0.25.0-9-g26727b657a (webtiles) character file.

Game seed: 4764429550474703167

20 Esekla the Grave Robber (level 2, 0/14 HPs)
             Began as a Vine Stalker Necromancer on June 20, 2020.
             Succumbed to an adder's poison
             ... on level 2 of the Dungeon.
             The game lasted 00:04:12 (510 turns).

Esekla the Grave Robber (Vine Stalker Necromancer)   Turns: 510, Time: 00:04:12

Health: 0/14       AC:  2    Str: 10    XL:     2   Next: 79%
Magic:  0/6        EV: 12    Int: 15    God:
Gold:   0          SH:  0    Dex: 14    Spells: 4/5 levels left

rFire    . . .     SeeInvis .   f - +0 dagger
rCold    . . .     Gourm    .   (no shield)
rNeg     . . .     Faith    .   a - +0 robe
rPois    .         Spirit   +   (no helmet)
rElec    .         Reflect  .   (no cloak)
rCorr    .         Harm     .   (no gloves)
MR       .....                  (no boots)
Stlth    ++........             (no amulet)
HPRegen  0.04/turn              (no ring)
MPRegen  0.10/turn              (no ring)

@: lethally poisoned (0 -> -7), very slightly contaminated
A: fangs 2, magic shield, antimagic bite, no potion heal 3, rot immunity
a: no special abilities


You were on level 2 of the Dungeon.
You were not hungry.

You visited 1 branch of the dungeon, and saw 2 of its levels.

Inventory:

Hand Weapons
 b - a +0 hand axe
 f - a +0 dagger (weapon)
Armour
 a - a +0 robe (worn)
Scrolls
 d - a scroll of teleportation {unknown}
 e - 2 scrolls of identify {unknown}
Comestibles
 c - 2 rations


   Skills:
 * Level 0.5 Fighting
 + Level 0.1 Axes
 + Level 1.6 Dodging
 + Level 2.7 Stealth
 * Level 2.4 Spellcasting
 + Level 4.3 Necromancy


You had 4 spell levels left.
You knew the following spells:

 Your Spells              Type           Power        Failure   Level  Hunger
a - Pain                  Necr           ##..         3%          1    #......

Your spell library contained the following spells:

 Spells                   Type           Power        Failure   Level  Hunger
 Animate Skeleton         Necr           N/A          3%          1    #......
 Vampiric Draining        Necr           ##........   11%         3    ###....
 Animate Dead             Necr           N/A          34%         4    #####..
 Agony                    Necr           ##......     69%         5    ######.


Dungeon Overview and Level Annotations

Branches:
Dungeon (2/15)

Altars:

Annotations:
D:2 Jessica


Innate Abilities, Weirdness & Mutations

You have extremely sharp teeth.
When hurt, damage is shared between your health and your magic reserves.
Your bite disrupts and absorbs the magic of your enemies.
Potions cannot restore your health.
You are immune to rotting.


Message History

The adder writhes in agony.
The adder bites you.
* * * LOW HITPOINT WARNING * * *
Casting: Pain (safe; 3% risk of failure)
Confirm with . or Enter, or press ? or * to list all spells.
Aiming: Pain (safe; 3% risk of failure)
Press: ? - help, Shift-Dir - straight line, f/p - adder
Aim: an adder (almost dead, chance to defeat MR: 79%)
You miscast Pain.
You are very lightly contaminated with residual magic.
Nothing appears to happen.
The adder bites you but does no damage. The rat bites you but does no damage.
You barely miss the adder. Your bite misses the adder.
The adder is almost dead.
The adder closely misses you. The rat barely misses you. The adder bites you.
* * * LOW HITPOINT WARNING * * *
You are lethally poisoned!
The adder poisons you!
You hit the adder.
You kill the adder!
You die...

..[...#### ......$#..
.........# ## ........#
.. #......# .####.#
#......##......?.#
#......##..#.....
#.....r@†b.#..@.
####'####.##...
#.#........ #.#....##.#
#.#.?...#.# #.#....<..#
#.#.#.#####.#
#.#.........#
#######.###.###########


You could see a bat and a rat.

Vanquished Creatures
  An adder (D:2)
  A dart slug (D:1)
  2 bats (D:1)
  A goblin (D:2)
  A hobgoblin (D:1)
  A frilled lizard (D:1)
  A kobold (D:2)
  A rat (D:1)
9 creatures vanquished.

Notes
Turn   | Place    | Note
-------+----------+-------------------------------------------
     0 | D:1      | Esekla the Vine Stalker Necromancer began the quest for the
                  | Orb.
     0 | D:1      | Reached XP level 1. HP: 9/9 MP: 4/4
    49 | D:2      | Noticed Jessica
   395 | D:1      | Reached XP level 2. HP: 13/13 MP: 4/6
   510 | D:2      | Succumbed to an adder's poison

Illustrated notes

Levels and vault maps discovered:
D:1:      dpeg_arrival_castle, layout_rooms
D:2:      layout_basic, serial_corexii_hall, chequers_hall_statues_y,
          chequers_hall_statues_y, corexii_hall_statues_l,
          chequers_hall_statues_corner_a, uniq_crazy_yiuf_cottage, uniq_natasha,
          uniq_jessica

Action                   || total
-------------------------++-------
Melee: Hand axe          ||    24
       Bite              ||     5
       Dagger            ||     6
 Cast: Pain              ||     7
 Stab: Sleeping          ||     1
Armor: Robe              ||    26
Dodge: Dodged            ||    29
